 Dungeon Crawl Stone Soup version 0.25-a0-1133-g93ebf739aa (webtiles) character file.

Game seed: 10769076397139945825, levelgen mode: deterministic

222 Unprinted the Vandal (level 6, -1/41 HPs)
             Began as a Halfling Hunter on May 21, 2020.
             Slain by a goblin (2 damage)
             ... on level 3 of the Dungeon.
             The game lasted 00:13:04 (3534 turns).

Unprinted the Vandal (Halfling Hunter)              Turns: 3534, Time: 00:13:04

Health: -1/41      AC:  3    Str: 13 (15) XL:     6   Next: 19%
Magic:  8/8        EV: 14    Int:  6 (9)  God:
Gold:   208        SH:  5    Dex: 14 (15) Spells: 7/7 levels left

rFire    . . .     SeeInvis .   b - +2 whip (pain)
rCold    . . .     Gourm    .   i - +0 buckler
rNeg     . . .     Faith    .   c - +0 leather armour
rPois    .         Spirit   .   (no helmet)
rElec    .         Reflect  .   (no cloak)
rCorr    .         Harm     .   (no gloves)
MR       .....                  (no boots)
Stlth    ++........             (no amulet)
HPRegen  0.13/turn              (no ring)
MPRegen  0.11/turn              (no ring)

@: lethally poisoned (-1 -> -3)
A: small, fangs 1, mutation resistance 1
a: no special abilities


You were on level 3 of the Dungeon.
You were hungry.

You visited 1 branch of the dungeon, and saw 3 of its levels.

You collected 208 gold pieces.

Inventory:

Hand Weapons
 a - a +1 hunting sling
 b - a +2 whip of pain (weapon)
 k - a cursed -1 whip
 q - a +0 short sword
 t - a +0 vampiric rapier
Missiles
 d - 37 sling bullets
 h - 41 stones (quivered)
 u - 4 atropa-tipped darts
Armour
 c - a +0 leather armour (worn)
 e - a cursed +0 ring mail
 g - a +0 chain mail
 i - a +0 buckler (worn)
Jewellery
 v - an uncursed ring of see invisible {unknown}
 w - an uncursed ring of poison resistance {unknown}
Wands
 r - a wand of acid (7)
Scrolls
 n - 4 scrolls of remove curse {unknown}
 o - a scroll of enchant weapon {unknown}
 p - 4 scrolls of identify {unknown}
 s - 4 scrolls of teleportation {unknown}
 y - a scroll of blinking {unknown}
Potions
 l - a potion of flight {unknown}
 x - a potion of might {unknown}
 z - a potion of degeneration
 B - a potion of brilliance {unknown}
 C - a potion of heal wounds {unknown}
Comestibles
 f - 5 rations
 A - 2 chunks of flesh


   Skills:
 + Level 2.9 Fighting
 + Level 7.0 Slings
 - Level 2.1 Dodging
 + Level 3.2 Stealth
 + Level 2.2 Shields
 + Level 1.4 Spellcasting


You had 7 spell levels left.
You didn't know any spells.
Your spell library was empty.

Dungeon Overview and Level Annotations

Branches:
Dungeon (3/15)

Altars:
Makhleb

Annotations:
D:1 exclusion: downstairs


Innate Abilities, Weirdness & Mutations

You are small and have problems with some larger weapons.
You are somewhat resistant to further mutation.
You have very sharp teeth.


Message History

The adder is almost dead.
You block the adder's attack. You block the goblin's attack.
You block the adder's attack.
You hit the adder.
You kill the adder!
* * * LOW HITPOINT WARNING * * *
You feel sick. The goblin closely misses you.
You barely miss the goblin.
The goblin is moderately wounded.
The goblin barely misses you.
You closely miss the goblin.
The goblin is moderately wounded.
The goblin hits you.
* * * LOW HITPOINT WARNING * * *
Some of the chunks of flesh in your inventory have rotted away.
You completely miss the goblin.
The goblin is moderately wounded.
* * * LOW HITPOINT WARNING * * *
You feel sick. The goblin hits you.
You die...

#.÷...######......
#.....##..........
#.....##..........
#........÷........
###.............##
#######.............##
#..>..................
#.....................
#....@#.............##
#...†g#...............
#.....#.........####..
##...##.........# ....
#...#####...####.....
#...# #...# .....
#...# .... ..## #...#
.^... ..## #...# ..


You could see a goblin.

Vanquished Creatures
  A hound (D:3)
  3 gnolls (D:2)
  7 adders
  2 oozes
  2 worms
  5 dart slugs
  2 leopard geckos (D:3)
  4 orcs (D:3)
  3 giant cockroaches
  6 goblins
  5 hobgoblins
  15 jackals
  2 quokkas (D:3)
  A bat (D:1)
  4 frilled lizards
  5 kobolds
  9 rats
76 creatures vanquished.

Notes
Turn   | Place    | Note
-------+----------+-------------------------------------------
     0 | D:1      | Unprinted the Halfling Hunter began the quest for the Orb.
     0 | D:1      | Reached XP level 1. HP: 14/14 MP: 1/1
    37 | D:1      | Reached skill level 6 in Slings
    56 | D:1      | Reached XP level 2. HP: 11/19 MP: 2/2
   448 | D:1      | Reached XP level 3. HP: 18/24 MP: 3/3
  1526 | D:2      | Reached XP level 4. HP: 24/30 MP: 4/4
  1638 | D:2      | Reached skill level 1 in Shields
  2217 | D:2      | Reached XP level 5. HP: 27/35 MP: 6/6
  2407 | D:3      | Found a burning altar of Makhleb.
  2429 | D:3      | Reached skill level 1 in Spellcasting
  3158 | D:3      | Reached XP level 6. HP: 34/41 MP: 7/7
  3301 | D:3      | Reached skill level 7 in Slings
  3510 | D:3      | Gained mutation: You have very sharp teeth. [potion of
                  | mutation]
  3533 | D:3      | HP: 2/41 [goblin (1)]
  3534 | D:3      | Slain by a goblin

Illustrated notes

Levels and vault maps discovered:
D:1:      onia_arrival_pentagram, layout_basic
D:2:      kennysheep_six_static_rooms, layout_rooms,
          chequers_serial_rivers_micro_c
D:3:      layout_basic, old_standard_altar, first_ration,
          kennysheep_generic_room_11

Skill      XL: |  1  2  3  4  5  6 |
---------------+-------------------+-----
Slings         | 6 7 |  7.0
Fighting       | 2 |  2.9
Stealth        | 2 3 |  3.2
Shields        | 1 2 |  2.2
Spellcasting   | 1 |  1.4
Dodging        | |  2.1

Action                   |  1- 3 |  4- 6 || total
-------------------------+-------+-------++-------
Melee: Short sword       |    95 |       ||    95
       Whip              |       |   169 ||   169
       Bite              |       |     1 ||     1
 Fire: Hunting sling     |    15 |    78 ||    93
  Use: Potion            |       |     4 ||     4
 Stab: Sleeping          |     3 |       ||     3
  Eat: Chunk             |     1 |     7 ||     8
Armor: Leather armour    |    14 |    35 ||    49
Dodge: Dodged            |    61 |   139 ||   200
Block: Buckler           |     8 |    59 ||    67

Table legend:
 A = Non-vault XP
 B = Vault XP
 C = Vault XP percentage of total XP
 D = Non-vault monster count
 E = Vault monster count
 F = Vault count percentage of total count
                 A         B        C        D         E       F
            +---------+---------+-------+---------+---------+-------
      Total |     318 |       0 |   0.0 |      76 |       0 |   0.0
            +---------+---------+-------+---------+---------+-------
        D:1 |      54 |       0 |   0.0 |      24 |       0 |   0.0
        D:2 |      87 |       0 |   0.0 |      21 |       0 |   0.0
        D:3 |     177 |       0 |   0.0 |      31 |       0 |   0.0
            +---------+---------+-------+---------+---------+-------
